 Dungeon Crawl Stone Soup version 0.26-a0-631-ged93497179 (webtiles) character file.

Game seed: 9777657212625148981

5527 DogServant the Destroyer (level 10, -3/61 HPs)
             Began as a Deep Elf Conjurer on Sept 12, 2020.
             Was a Believer of Vehumet.
             Slain by a troll (9 damage)
             ... on level 8 of the Dungeon.
             The game lasted 00:32:22 (10950 turns).

DogServant the Destroyer (Deep Elf Conjurer)       Turns: 10950, Time: 00:32:22

Health: -3/61      AC:  3    Str:  5    XL:     10   Next: 43%
Magic:  0/23       EV: 16    Int: 26    God:    Vehumet [**....]
Gold:   445        SH:  0    Dex: 13    Spells: 9/24 levels left

rFire    . . .     SeeInvis .   t - +0 rapier (drain)
rCold    . . .     Faith    .   (no shield)
rNeg     . . .     Spirit   .   a - +0 robe
rPois    .         Reflect  .   r - +0 hat
rElec    .         Harm     .   (no cloak)
rCorr    .         Rampage  .   (no gloves)
MR       +....                  i - +0 pair of boots
Stlth    +++.......             (no amulet)
HPRegen  0.20/turn              f - ring of stealth
MPRegen  0.18/turn              (no ring)

@: no status effects
A: no striking features
a: Renounce Religion


You were on level 8 of the Dungeon.
You worshipped Vehumet.
Vehumet was pleased with you.
You visited 2 branches of the dungeon, and saw 10 of its levels.
You visited the Abyss 1 time.
You also visited: Ossuary.

You collected 445 gold pieces.

Inventory:

Hand Weapons
 t - a +0 rapier of draining (weapon)
 y - a +3 rapier
Armour
 a - a +0 robe (worn)
 i - a +0 pair of boots (worn)
 r - a +0 hat (worn)
Jewellery
 f - a ring of stealth (left hand)
 D - an uncursed ring of see invisible {unknown}
Wands
 e - a wand of polymorph (8)
 s - a wand of iceblast (9)
 B - a wand of acid (8)
 H - a wand of paralysis (10)
Scrolls
 c - 3 scrolls of teleportation
 g - 4 scrolls of remove curse
 m - a scroll of blinking
 n - 3 scrolls of magic mapping {unknown}
 p - 3 scrolls of immolation {unknown}
 u - 3 scrolls of enchant weapon
 x - 3 scrolls of enchant armour {unknown}
 A - 2 scrolls of identify
 E - a scroll of fog {unknown}
 F - 3 scrolls of fear {unknown}
 G - a scroll of noise {unknown}
Potions
 b - 4 potions of cancellation {unknown}
 d - 7 potions of curing {unknown}
 h - 6 potions of heal wounds {unknown}
 j - 3 potions of haste {unknown}
 k - a potion of mutation {unknown}
 l - 2 potions of berserk rage {unknown}
 o - 5 potions of might {unknown}
 q - 3 potions of lignification {unknown}
 v - 2 potions of stabbing {unknown}
 w - 4 potions of ambrosia {unknown}
 z - a potion of invisibility {unknown}
 C - a potion of degeneration {unknown}


   Skills:
 + Level 6.8 Fighting
 + Level 3.3 Short Blades
 + Level 7.4 Dodging
 - Level 2.4 Stealth
 * Level 7.7 Spellcasting
 + Level 9.8 Conjurations
 - Level 7.2 Hexes
 + Level 1.1 Translocations
 + Level 1.0 Fire Magic


You had 9 spell levels left.
You knew the following spells:

 Your Spells              Type           Power        Failure   Level
a - Magic Dart            Conj           ####         1%          1
b - Searing Ray           Conj           ######       1%          2
c - Dazzling Flash        Conj/Hex       ######       1%          3
d - Fulminant Prism       Conj/Hex       ######....   1%          4
e - Iskenderun's Mystic   Conj/Tloc      #####...     6%          4
f - Foxfire               Conj/Fire      ####         1%          1

Your spell library contained the following spells:

 Spells                   Type           Power        Failure   Level
 Sandblast                Erth           ##....       6%          1


Dungeon Overview and Level Annotations

Branches:
Dungeon (9/15)             Temple (1/1) D:5         Ossuary (visited)
   Lair: D:8-11         Orc: D:9-12

Altars:
Ashenzari
Cheibriados
Dithmenos
Elyvilon
Fedhas
Gozag
Hepliaklqana
Kikubaaqudgha
Makhleb
Nemelex Xobeh
Okawaru
Qazlal
Sif Muna
Trog
Uskayaw
Vehumet
Wu Jian
Xom
Yredelemnul
Zin
The Shining One


Message History

The troll is almost dead.
The troll closely misses you. The troll barely misses you. The troll claws you!
The searing ray hits the troll.
The troll is almost dead.
You finish channeling your searing ray.
The troll barely misses you. The troll misses you. The troll barely misses you.
The troll bites you!
* * * LOW HITPOINT WARNING * * *
The troll misses you. x2
Casting: Searing Ray (safe; 1% risk of failure)
Confirm with . or Enter, or press ? or * to list all spells.
Aiming: Magic Dart (safe; 1% risk of failure)
Press: ? - help, Shift-Dir - straight line, f/p - troll
Aim: a troll (almost dead)
The magic dart hits the troll.
The troll is almost dead.
The troll bites you!
* * * LOW HITPOINT WARNING * * *
The troll claws you!
You die...

##'## #...#..#.#..........
##'###### ##..#..#.#.#########
.(......# #..#..#.#.#.....#..
).......# #..#..#.#.#.###'#'#
........# #..#..#.#.#.#......
........# #..#..#.#.#.#......
........# ##.#.)#.#.#.#......
################T#..#.###.##.....
................@#..#.##...##....
################.#..###.....##...
.....)...............#.......#...
##...)..########........._.......
##...รท..# #.....#.......#...
........# #.....##.....##...
.....(..# #......##...##....
........# #.......##.##.....
........# #.#.........#.####


You could see a troll.

Vanquished Creatures
  A tentacled starspawn (Abyss:1)
  Pikel (D:4)
  Maggie (D:6)
  Sigmund (D:6)
  A vampire mosquito (D:9)
  A water moccasin (D:6)
  An ice beast (D:7)
  2 phantoms (D:7)
  4 ogres
  A centaur (D:8)
  2 lemures (D:4)
  3 bullfrogs
  2 big kobolds
  A gnoll sergeant (D:8)
  5 water moccasin zombies (Ossuary)
  2 scorpions
  A howler monkey (D:7)
  3 wights (D:9)
  A crimson imp (D:6)
  2 bullfrog zombies
  2 orc priests (D:5)
  2 hounds
  A jelly (D:8)
  5 orc wizards
  3 iguanas
  Ijyb (D:5)
  Natasha (thrice) (D:3)
  5 worker ants
  2 big kobold zombies (Ossuary)
  2 hound skeletons
  3 mummies
  Robin (D:4)
  6 gnolls
  10 adders
  2 shadow imps (D:7)
  5 white imps
  An ufetubus (D:8)
  An ooze (D:2)
  10 adder zombies
  2 adder skeletons
  3 worms
  2 dart slugs (D:1)
  10 leopard geckos
  22 orcs
  3 giant cockroaches
  2 gnoll zombies (Ossuary)
  11 goblins
  3 hobgoblins
  18 jackals
  12 kobolds
  3 quokkas (D:4)
  12 bats
  4 frilled lizards
  7 hobgoblin zombies
  4 kobold zombies
  6 orc zombies
  7 rats
  17 fulminant prisms
  A starspawn tentacle (Abyss:1)
250 creatures vanquished.

Vanquished Creatures (others)
  25 fulminant prisms
  25 fungi (D:9)
  31 plants
  3 starspawn tentacles (Abyss:1)
84 creatures vanquished.

Grand Total: 334 creatures vanquished

Notes
Turn   | Place    | Note
-------+----------+-------------------------------------------
     0 | D:1      | DogServant the Deep Elf Conjurer began the quest for the
                  | Orb.
     0 | D:1      | Reached XP level 1. HP: 10/10 MP: 6/6
   186 | D:1      | Reached XP level 2. HP: 11/15 MP: 0/8
   326 | D:1      | Reached skill level 5 in Conjurations
   736 | D:1      | Reached XP level 3. HP: 19/19 MP: 2/10
   740 | D:1      | Learned a level 2 spell: Searing Ray
   744 | D:1      | Learned a level 3 spell: Dazzling Flash
  1588 | D:2      | Reached XP level 4. HP: 24/24 MP: 3/12
  2262 | D:2      | Reached skill level 5 in Spellcasting
  2313 | D:2      | Found a hide-covered altar of Uskayaw.
  2516 | D:3      | Reached skill level 6 in Conjurations
  2606 | D:3      | Noticed Natasha
  2610 | D:3      | Killed Natasha
  2610 | D:3      | Reached XP level 5. HP: 28/28 MP: 7/14
  2822 | D:3      | Noticed Natasha
  2824 | D:3      | Killed Natasha
  3320 | D:3      | Noticed Natasha
  3322 | D:3      | Killed Natasha
  3322 | D:3      | Reached XP level 6. HP: 32/32 MP: 14/17
  3444 | D:4      | Reached skill level 7 in Conjurations
  3585 | D:4      | Noticed Pikel
  3933 | D:4      | Found a sand-covered staircase.
  3938 | Ossuary  | Entered an ossuary
  4167 | Ossuary  | Reached XP level 7. HP: 29/36 MP: 10/19
  4353 | Ossuary  | Learned a level 4 spell: Fulminant Prism
  4358 | Ossuary  | Learned a level 4 spell: Iskenderun's Mystic Blast
  4370 | Ossuary  | Reached skill level 1 in Fighting
  4370 | Ossuary  | Reached skill level 1 in Hexes
  4951 | D:4      | Noticed Robin
  4961 | D:4      | Killed Robin
  5078 | D:4      | Killed Pikel
  5078 | D:4      | Reached skill level 8 in Conjurations
  5078 | D:4      | Reached XP level 8. HP: 36/46 MP: 7/20
  5601 | D:5      | Entered Level 5 of the Dungeon
  5706 | D:5      | Found a blossoming altar of Fedhas.
  6059 | D:5      | Found a shimmering blue altar of Sif Muna.
  6069 | D:5      | Reached skill level 5 in Dodging
  6368 | D:5      | Found a staircase to the Ecumenical Temple.
  6381 | Temple   | Entered the Ecumenical Temple
  6465 | Temple   | Became a worshipper of Vehumet
  6544 | D:5      | Noticed Ijyb
  6548 | D:5      | Killed Ijyb
  6647 | D:5      | Found a snail-covered altar of Cheibriados.
  6806 | D:6      | Noticed Sigmund
  6811 | D:6      | Killed Sigmund
  6811 | D:6      | Reached skill level 5 in Hexes
  6811 | D:6      | Reached XP level 9. HP: 52/52 MP: 1/21
  7026 | D:6      | Found a glowing silver altar of Zin.
  7094 | D:6      | Found a stormy altar of Qazlal.
  7131 | D:6      | Noticed Maggie
  7140 | D:6      | Killed Maggie
  7140 | D:6      | Reached skill level 5 in Fighting
  7397 | D:6      | Reached skill level 9 in Conjurations
  7433 | D:6      | Found a shattered altar of Ashenzari.
  7564 | D:6      | Found a burning altar of Makhleb.
  7566 | D:6      | Cast into level 1 of the Abyss (crimson imp)
  7580 | Abyss:1  | Noticed a tentacled starspawn
  7589 | Abyss:1  | Killed a tentacled starspawn
  7589 | Abyss:1  | Reached XP level 10. HP: 61/61 MP: 1/22
  7616 | D:6      | Escaped the Abyss
  7724 | D:6      | Found a shimmering altar of Xom.
  7762 | D:6      | Found a hazy altar of Hepliaklqana.
  8206 | D:7      | Found a stormy altar of Qazlal.
  8261 | D:7      | Found an ancient bone altar of Kikubaaqudgha.
  8531 | D:7      | Reached * piety under Vehumet
  8531 | D:7      | Offered knowledge of Foxfire by Vehumet.
  8658 | D:7      | Learned a level 1 spell: Foxfire
  9388 | D:8      | Found an iron altar of Okawaru.
 10188 | D:8      | Offered knowledge of Sandblast by Vehumet.
 10191 | D:8      | Reached ** piety under Vehumet
 10516 | D:8      | Found a shattered altar of Ashenzari.
 10871 | D:9      | Reached skill level 1 in Translocations
 10916 | D:9      | Reached skill level 1 in Fire Magic
 10950 | D:8      | Slain by a troll

Illustrated notes

Levels and vault maps discovered:
D:1:      eino_arrival_cavern_b, layout_basic
D:2:      layout_basic, lemuel_coloured_pillars_altar
D:3:      layout_loops_ring, uniq_natasha
D:4:      layout_basic, enter_ossuary_2, chequers_arboretum, minivault_19,
          uniq_pikel, uniq_robin
D:5:      layout_basic, kennysheep_mini_moat, led_sif_book,
          minmay_temple_entry_overgrown, fedhas_ov_isle_minmay, uniq_ijyb
D:6:      layout_rooms, grunt_temple_overflow_champion_of_chaos,
          lemuel_round_altar, overflow_temple_1_default,
          nicolae_qazlal_style_of_elements, basic_altar, minivault_24,
          minmay_microvault, uniq_sigmund, uniq_maggie
D:7:      layout_basic, nicolae_overflow_hidden_temple, basic_altar,
          minmay_mini_ossuary
D:8:      layout_basic, old_standard_altar, lemuel_round_altar,
          kennysheep_small_square
D:9:      minmay_bloctagon_deflated, layout_gridville,
          due_lair_maze_entry_diamond
Temple:   cyrus_temple_forest

Skill      XL: |  1  2  3  4  5  6  7  8  9 10 |
---------------+-------------------------------+-----
Conjurations   | 5 6 7 8 9 |  9.8
Spellcasting   | 4 5 6 7 |  7.7
Fighting       | 3 4 6 |  6.8
Hexes          | 3 5 7 |  7.2
Dodging        | 4 5 7 |  7.4
Short Blades   | 2 3 |  3.3
Translocations | 1 |  1.1
Fire Magic     | 1 |  1.0
Stealth        | |  2.4

Action                   |  1- 3 |  4- 6 |  7- 9 | 10-12 || total
-------------------------+-------+-------+-------+-------++-------
Melee: Rapier            |       |     4 |    46 |     1 ||    51
 Cast: Magic Dart        |    72 |    83 |    65 |    90 ||   310
       Searing Ray       |     1 |    22 |    38 |    23 ||    84
       Dazzling Flash    |       |       |     1 |     2 ||     3
       Fulminant Prism   |       |       |    16 |    26 ||    42
  Use: Scroll            |       |     7 |     2 |     1 ||    10
 Stab: Sleeping          |       |     1 |     5 |       ||     6
Armor: Robe              |       |     5 |    19 |       ||    24
Dodge: Dodged            |    13 |     9 |    71 |    40 ||   133

Table legend: (Time is in decaauts)
 A = Elapsed time spent in this place.
 B = Non-inter-level travel time spent in this place.
 C = Inter-level travel time spent in this place.
 D = Time resting spent in this place.
 E = Time spent auto-exploring this place.
 F = Levels seen in this place.
 G = Mean time per level.
                   A        B        C        D        E       F      G
               +--------+--------+--------+--------+--------+-----+--------+
         Total |  10963 |  10724 |    239 |   1956 |   7406 |  12 |  913.6 |
       Dungeon |  10000 |   9803 |    197 |   1374 |   7281 |   9 | 1111.1 |
        Temple |    144 |    102 |     42 |      0 |     76 |   1 |  144.0 |
         Abyss |     49 |     49 |      0 |     21 |      0 |   1 |   49.0 |
       Ossuary |    768 |    768 |      0 |    561 |     49 |   1 |  768.0 |
               +--------+--------+--------+--------+--------+-----+--------+

Top non-repeatable levels by time:
     D:7: 1638 daAuts
     D:4: 1589 daAuts
     D:8: 1485 daAuts
     D:1: 1293 daAuts
     D:2: 1097 daAuts
     D:3: 961 daAuts
     D:6: 935 daAuts
     D:5: 854 daAuts
 Ossuary: 768 daAuts
  Temple: 144 daAuts
     D:9: 144 daAuts
 Abyss:1: 49 daAuts
